 Dungeon Crawl Stone Soup version 0.31.0-11-ge490571c62 (webtiles) character file.

Game seed: 3963911270571138578

97 qw the Shooter (level 4, 0/22 HPs)
             Began as a Spriggan Hunter on Feb 4, 2024.
             Slain by a goblin
             ... wielding a +0 dagger
             ... led by Robin
              (3 damage)
             ... on level 2 of the Dungeon.
             The game lasted 00:00:05 (1231 turns).

qw the Shooter (Spriggan Hunter)                    Turns: 1231, Time: 00:00:06

Health: 0/22       AC:  2    Str:  7    XL:     4   Next: 42%
Magic:  5/5        EV: 20    Int: 10    God:
Gold:   84         SH:  0    Dex: 20    Spells: 3/3 levels left

rFire   . . .        a - +1 shortbow
rCold   . . .        (shield currently unavailable)
rNeg    . . .        c - +0 robe
rPois   .            (helmet restricted)
rElec   .            (no cloak)
rCorr   .            (gloves unavailable)
SInv    +            (boots unavailable)
Will    .....        (no amulet)
Stlth   ++           (no ring)
HPRegen 0.23/turn    (no ring)
MPRegen 0.09/turn

%: no passive effects
@: very quick
A: very small, no large weapons, unfitting armour, see invisible, speed 3
a: no special abilities


You were on level 2 of the Dungeon.
You visited 1 branch of the dungeon, and saw 2 of its levels.

You collected 84 gold pieces.


Innate Abilities, Weirdness & Mutations

You are very small and have problems with some larger weapons.
You are too small for most types of armour.
You have supernaturally acute eyesight. (SInv)
You cover ground extremely quickly. (Speed+++)


   Skills:
 - Level 1.5 Fighting
 - Level 5.0 Ranged Weapons
 + Level 4.9 Dodging
 - Level 1.5 Stealth


You had 3 spell levels left.
You didn't know any spells.
Your spell library was empty.

Inventory:

Hand Weapons
 a - a +1 shortbow (weapon)
Armour
 c - a +0 robe (worn)
Jewellery
 d - a ring of ice
Potions
 g - a potion of mutation

Dungeon Overview and Level Annotations

Branches:
Dungeon (2/15)

Altars:


Message History

You kill the hobgoblin!
A bat comes into view.
The goblin misses you. The goblin completely misses you.
You shoot an arrow. The arrow hits the goblin!
You kill the goblin!
The goblin hits you but does no damage. The goblin misses you.
The goblin hits you with a +0 dagger.
You shoot an arrow. The arrow hits the goblin.
The goblin is severely wounded.
The hobgoblin misses you. The goblin closely misses you. The goblin misses you.
You shoot an arrow. The arrow completely misses the goblin.
The bat completely misses you. The hobgoblin closely misses you.
The goblin closely misses you. x2; The goblin completely misses you.
You shoot an arrow. The arrow hits the goblin!
You kill the goblin!
The hobgoblin completely misses you. The bat closely misses you.
The goblin closely misses you. The goblin barely misses you.
The goblin closely misses you. The hobgoblin completely misses you.
The goblin hits you with a +0 dagger. The goblin misses you.
The goblin completely misses you.
You shoot an arrow. The arrow closely misses the goblin.
The bat misses you. The hobgoblin closely misses you.
The goblin closely misses you. The goblin misses you.
The goblin barely misses you.
You shoot an arrow. The arrow hits the goblin.
The goblin is heavily wounded.
The bat hits you. The bat completely misses you. The hobgoblin hits you.
The goblin misses you. The goblin closely misses you. The goblin misses you.
You shoot an arrow. The arrow closely misses the goblin.
The bat hits you. The hobgoblin closely misses you.
The goblin hits you with a +0 dagger. x2; The goblin hits you with a +0 club.
You shoot an arrow. The arrow closely misses the goblin.
The bat completely misses you. The hobgoblin hits you. The goblin misses you.
The goblin completely misses you. The goblin closely misses you.
You shoot an arrow.
The arrow hits the goblin but does no damage.
The goblin is heavily wounded.
The bat misses you. The bat hits you but does no damage.
The hobgoblin hits you. The goblin completely misses you.
The goblin hits you with a +0 dagger.
You die...

.>.........'........#
...........#.########
####.......#.<.#
#.......###'########
#.......##.........#
##########.........#
#.%.......#
#...)g.<..#
#...@g....#
#..bgg....#
#>........#
#.........#
#...........
#........)##
##########.. .#


You could see a hobgoblin, 3 goblins and a bat.

Vanquished Creatures
  Robin (D:2)
  2 adders (D:2)
  2 dart slugs (D:2)
  3 ball pythons
  6 bats
  5 endoplasms
  6 giant cockroaches
  9 goblins
  3 hobgoblins
  5 jackals
  3 kobolds (D:1)
  5 quokkas
  3 frilled lizards (D:1)
  5 rats
58 creatures vanquished.

Notes
Turn   | Place    | Note
-------+----------+-------------------------------------------
     0 | D:1      | qw the Spriggan Hunter began the quest for the Orb.
     0 | D:1      | Reached XP level 1. HP: 10/10 MP: 2/2
     0 | D:1      | 0 ||| qw: Version: 0.3-a-160-g6735b56
     0 | D:1      | 0 ||| qw: Game counter: 4924
     0 | D:1      | 0 ||| qw: Melee chars always use a shield: true
     0 | D:1      | 0 ||| qw: God list: Okawaru
     0 | D:1      | 0 ||| qw: Allow faded altars: false
     0 | D:1      | 0 ||| qw: Do Orc after clearing Dungeon:15 true
     0 | D:1      | 0 ||| qw: Do second Lair branch before Depths: true
     0 | D:1      | 0 ||| qw: Lair rune preference: random
     0 | D:1      | 0 ||| qw: Goals: Normal
     0 | D:1      | 0 ||| PLANNING D:1-11
    50 | D:1      | Reached skill level 3 in Dodging
    90 | D:1      | Reached XP level 2. HP: 13/14 MP: 3/3
   397 | D:1      | Reached XP level 3. HP: 18/18 MP: 4/4
   401 | D:1      | You fall into a shaft and drop 1 floor!
   636 | D:2      | Reached skill level 5 in Ranged Weapons
   636 | D:2      | 636 ||| DROPPING ring of magical power.
   637 | D:2      | 637 ||| READING scroll labelled JIACUAKAWK.
   637 | D:2      | 637 ||| IDENTIFYING smoky clear potion
   638 | D:2      | 638 ||| READING scroll labelled COOVVIHITA.
   642 | D:2      | 642 ||| DROPPING scroll of butterflies.
   979 | D:1      | 979 ||| READING scroll of identify.
   979 | D:1      | 979 ||| IDENTIFYING blue potion
   980 | D:1      | 980 ||| READING scroll labelled OTTUNU NOSCHUT.
   980 | D:1      | 980 ||| ENCHANTING +0 shortbow.
   981 | D:1      | 981 ||| READING scroll labelled WEMUSU MUKOWK.
   982 | D:1      | 982 ||| DROPPING potion of brilliance.
  1051 | D:2      | Reached XP level 4. HP: 22/22 MP: 5/5
  1211 | D:2      | Noticed Robin
  1218 | D:2      | Killed Robin
  1231 | D:2      | HP: 3/22 [hobgoblin[Robin] (4)]
  1231 | D:2      | Slain by a goblin

Levels and vault maps discovered:
D:1:      dpeg_arrival_round_b, layout_loops_ring, minmay_nonomino_d4
D:2:      layout_basic, uniq_robin

Skill      XL: |  1  2  3 |
---------------+----------+-----
Dodging        | 3 4 |  4.9
Ranged Weapons | 5 |  5.0
Fighting       | |  1.5
Stealth        | |  1.5

Action                     |  1- 3 |  4- 6 || total
---------------------------+-------+-------++-------
   Fire: Shortbow          |   138 |    32 ||   170
    Use: Scroll            |     5 |       ||     5
 Armour: Robe              |     7 |    13 ||    20
  Dodge: Dodged            |    35 |    45 ||    80

Table legend:
 A = Non-vault XP
 B = Vault XP
 C = Vault XP percentage of total XP
 D = Non-vault monster count
 E = Vault monster count
 F = Vault count percentage of total count
                 A         B        C        D         E       F
            +---------+---------+-------+---------+---------+-------
      Total |     105 |      34 |  24.5 |      45 |      13 |  22.4
            +---------+---------+-------+---------+---------+-------
        D:1 |      41 |      10 |  19.6 |      24 |       7 |  22.6
        D:2 |      64 |      24 |  27.3 |      21 |       6 |  22.2
            +---------+---------+-------+---------+---------+-------
